AoeStats
← darador86

Oasis

507194590Analyzed
4v4 RM · 17d ago on Sep 17, 2026· 90m 49s· 8 players
Game mode
Random Map
Map size
Large (8 player)
Population
200
Speed
Normal
Resources
Standard
Victory
Conquest
Starting age
Dark Age
Ending age
Imperial Age
RankedLock teamsTeams togetherTeam positionsShared explorationLock speedFull tech treeHidden civsTurbo modeCheats
Victory
Defeat
🇺🇸 Franks · United States
729
+15
🇩🇪 Jurchens · Germany
675
+17
🇧🇪 Bohemians · Belgium
656
+18
🇦🇷 Huns · Argentina
653
+18
🇨🇴 Huns · Colombia
808
-22
🇲🇽 Mapuche · Mexico
804
-21
🇲🇽 Georgians · Mexico
721
-18
🇨🇱 Japanese · Chile
447
-7
.:sTeeL:.
2:35 Loom
11:59 Feudal Age
12:34 Double-Bit Axe
13:28 Wheelbarrow
12:55 Gold Mining
17:57 Castle Age
16:18 Stone Mining
18:58 Hand Cart
19:11 Bow Saw
19:54 Gold Shaft Mining
23:03 Forging
23:23 Caravan
26:37 Iron Casting
26:08 Scale Barding Armor
25:55 Fletching
26:29 Husbandry
29:32 Chain Barding Armor
35:33 Imperial Age
35:02 Masonry
34:53 Bodkin Arrow
35:40 Cavalier
36:34 Chivalry
37:36 Conscription
37:01 Paladin
39:08 Chemistry
38:44 Ballistics
38:57 Architecture
38:25 Murder Holes
40:46 Blast Furnace
40:31 Plate Barding Armor
43:20 Town Watch
43:40 Squires
43:26 Gambesons
43:27 Arson
43:04 Pikeman
43:05 Man-at-Arms
44:00 Fervor
45:45 Elite Throwing Axeman
46:49 #83
47:05 Hoardings
47:07 Scale Mail Armor
47:08 Padded Archer Armor
47:42 Coinage
50:03 Banking
50:23 Chain Mail Armor
50:24 Leather Archer Armor
50:12 Town Patrol
53:40 Siege Engineers
53:21 Arrowslits
57:49 Plate Mail Armor
67:05 Halberdier
67:07 Long Swordsman
68:20 Fortified Wall
68:01 Guard Tower
68:22 Careening
68:23 Clinker Construction
68:19 Siphons
68:35 Block Printing
68:18 Herbal Medicine
68:51 Illumination
71:59 Devotion
72:35 Theocracy
72:21 Heresy
72:22 Sanctity
Josky
11:03 Feudal Age
13:28 Wheelbarrow
19:14 Loom
22:41 Castle Age
21:11 Arson
32:01 Chemistry
33:55 Double-Bit Axe
34:25 Pikeman
42:32 Imperial Age
40:57 Scale Mail Armor
41:25 Squires
43:16 Hand Cart
43:31 Ballistics
47:20 Siege Engineers
47:09 Halberdier
54:49 Houfnice
57:02 Elite Hussite Wagon
67:14 Chain Mail Armor
71:02 Plate Mail Armor
73:47 Bow Saw
74:58 Forging
78:09 Iron Casting
80:02 Atonement
82:09 Fortified Wall
82:10 Atonement
83:03 Heavy Scorpion
89:23 Two-Man Saw
darador86
14:05 Feudal Age
13:06 Loom
17:39 Gold Mining
17:30 Horse Collar
17:43 Stone Mining
17:42 Double-Bit Axe
23:31 Castle Age
28:50 Pikeman
30:35 Caravan
32:18 Gold Shaft Mining
33:33 Wheelbarrow
32:43 Town Watch
34:09 Marauders
35:10 Bow Saw
35:33 Scale Barding Armor
35:39 Forging
35:30 Scale Mail Armor
37:11 Hand Cart
38:43 Ballistics
39:31 Town Patrol
43:17 Imperial Age
41:59 Chain Barding Armor
42:18 Iron Casting
42:10 Heavy Plow
42:32 Husbandry
42:47 Bloodlines
43:30 Masonry
43:16 Murder Holes
43:44 Chain Mail Armor
45:46 Plate Barding Armor
46:13 Blast Furnace
46:16 Conscription
46:31 Elite Tarkan
47:47 Parthian Tactics
49:32 Thumb Ring
48:56 Cavalier
50:23 Heavy Cavalry Archer
55:17 Chemistry
58:24 Elite Skirmisher
79:01 Halberdier
79:42 Squires
metro86
ostiinn
1:04 Loom
15:40 Feudal Age
20:24 Castle Age
18:19 Double-Bit Axe
18:30 Stone Mining
18:33 Gold Mining
18:33 Horse Collar
21:15 Wheelbarrow
21:31 Heavy Plow
22:20 Bow Saw
33:00 Forging
32:56 Scale Barding Armor
37:53 Imperial Age
35:27 Stone Mining
35:52 Pikeman
36:34 Squires
36:40 Fletching
38:34 Bloodlines
38:25 Husbandry
38:48 Chain Barding Armor
39:04 Iron Casting
38:31 Padded Archer Armor
38:26 Bodkin Arrow
39:01 Conscription
39:13 Svan Towers
39:36 Guard Tower
40:08 Ballistics
40:51 Chemistry
40:41 Murder Holes
40:45 Arrowslits
42:32 Keep
42:34 Caravan
43:15 Aznauri Cavalry
45:07 Elite Monaspa
47:20 Blast Furnace
53:54 Plate Barding Armor
88:09 Bracer
richi_maron_90
13:30 Feudal Age
20:41 Castle Age
19:17 Wheelbarrow
21:24 Double-Bit Axe
21:20 Horse Collar
21:03 Pikeman
21:04 Elite Skirmisher
21:35 Gold Mining
29:25 Bow Saw
33:47 Champi Runner
34:13 Arson
37:00 Imperial Age
35:05 Caravan
36:28 Heavy Plow
37:26 Champi Warrior
39:27 Elite Champi Warrior
39:28 Halberdier
39:33 Elite Bolas Rider
41:36 Hand Cart
42:40 Crop Rotation
42:47 Gold Shaft Mining
43:32 Butalmapu
43:47 Conscription
43:16 Treadmill Crane
45:21 Chemistry
45:05 Ballistics
46:26 Scale Mail Armor
46:37 Forging
46:18 Fletching
47:05 Elite Kona
48:20 Malon
50:33 Chain Mail Armor
50:53 Iron Casting
50:14 Bodkin Arrow
50:20 Padded Archer Armor
REYJAGUAR4660
2:36 Loom
10:02 Feudal Age
10:26 Horse Collar
10:45 Double-Bit Axe
11:13 Gold Mining
12:21 Town Watch
16:15 Padded Archer Armor
16:07 Fletching
17:25 Wheelbarrow
18:15 Forging
18:59 Scale Barding Armor
19:17 Scale Mail Armor
20:38 Bloodlines
27:27 Castle Age
27:27 Man-at-Arms
28:46 Thumb Ring
29:20 Iron Casting
29:02 Leather Archer Armor
29:06 Bow Saw
28:59 Heavy Plow
30:49 Bodkin Arrow
31:20 Chain Barding Armor
31:19 Squires
32:05 Light Cavalry
33:14 Masonry
33:01 Murder Holes
34:05 Marauders
34:44 Chain Mail Armor
35:06 Coinage
36:08 Husbandry
36:16 Caravan
37:01 Long Swordsman
40:07 Stone Mining
45:35 Ballistics
44:46 Pikeman
46:05 Hand Cart
46:32 Gold Shaft Mining
57:59 Imperial Age
egaray346
1:28 Loom
17:37 Feudal Age
18:07 Town Watch
19:00 Horse Collar
19:07 Double-Bit Axe
25:29 Wheelbarrow
24:46 Gold Mining
30:19 Castle Age
28:24 Stone Mining
31:48 Man-at-Arms
31:49 Pikeman
32:30 Squires
32:16 Arson
32:46 Forging
32:36 Scale Mail Armor
32:27 Fletching
32:37 Padded Archer Armor
33:37 Bow Saw
33:37 Heavy Plow
34:15 Town Patrol
37:23 Fervor
38:42 Bodkin Arrow
39:50 Hand Cart
Connection lost

Rejoining the realm…

Still unreachable

The connection could not be restored.

Session expired

The server has moved on; the page needs a fresh start.